 Dungeon Crawl Stone Soup version 0.27-a0-972-gd1521fd518 (webtiles) character file.

Game seed: 13782350323626503515

84106 lunkers the Warrior (level 15, -7/124 HPs)
             Began as a Djinni Air Elementalist on Apr 13, 2021.
             Was the Champion of Makhleb.
             Mangled by a spriggan rider
             ... wielding a +0 spear
              (18 damage)
             ... on level 2 of the Swamp.
             The game lasted 00:47:14 (32601 turns).

lunkers the Warrior (Djinni Air Elementalist)      Turns: 32601, Time: 00:47:14

Health: -7/124     AC:  9    Str:  7    XL:     15   Next: 79%
Gold:   1530       EV: 14    Int: 30    God:    Makhleb [******] SH: 10 Dex: 18

rFire    + + +     SeeInvis .   J - +6 scimitar of Action {vorpal, +Rage rF+ rCorr Dex-2}
rCold    . . .     Faith    .   y - +0 buckler
rNeg     . . .     Spirit   .   F - +2 robe {Will+}
rPois    ∞         Reflect  +   K - +2 helmet {Int+3}
rElec    .         Harm     .   E - +0 cloak
rCorr    +         Rampage  .   h - +0 pair of gloves
Will     ++...                  (boots unavailable)
Stlth    ++........             D - amulet of Puox {Reflect Dex+4 SH+5}
HPRegen  0.30/turn              W - +6 ring of intelligence
MPRegen  0.00/turn              A - ring of protection from cold

@: flying
A: fire resistance 2, cold vulnerability 1, float, innate caster, hp casting,
extra vitality 1
a: Renounce Religion, Evoke Berserk Rage, Minor Destruction, Lesser Servant of
Makhleb, Major Destruction, Greater Servant of Makhleb


You were on level 2 of the Swamp.
You worshipped Makhleb.
Makhleb was exalted by your worship.
You visited 5 branches of the dungeon, and saw 23 of its levels.
You also visited: Sewer.

You collected 2201 gold pieces.
You spent 671 gold pieces at shops.

Inventory:

Hand Weapons
 u - the +4 spear "Agic" {drain, rF+ Dex+4}
   (You took it off a gnoll on level 4 of the Dungeon)

   A truly terrible weapon, it drains the life of those it strikes.
   It affects your dexterity (+4).
   It protects you from fire.
 J - the +6 scimitar of Action (weapon) {vorpal, +Rage rF+ rCorr Dex-2}
   (You took it off an orc wizard on level 7 of the Dungeon)

   It inflicts extra damage upon your enemies.
   It affects your dexterity (-2).
   It protects you from fire.
   It lets you go berserk.
   It protects you from acid and corrosion.
Missiles
 L - 16 boomerangs of dispersal
 Y - a curare-tipped dart
Armour
 h - a +0 pair of gloves (worn)
 y - a +0 buckler (worn)
 E - a +0 cloak (worn)
 F - a +2 robe of willpower (worn)
 K - a +2 helmet of intelligence (worn)
 M - +0 steam dragon scales
Jewellery
 e - a +6 ring of dexterity
 m - a ring of see invisible
 q - an amulet of regeneration
 z - a ring of willpower
 A - a ring of protection from cold (right hand)
 D - the amulet of Puox (around neck) {Reflect Dex+4 SH+5}
   (You bought it in a shop on level 8 of the Dungeon)

   [amulet of reflection]

   It reflects blocked missile attacks.
   It affects your dexterity (+4).
   It affects your SH (+5).
 R - a ring of wizardry
 S - a ring of protection from cold
 W - a +6 ring of intelligence (left hand)
 Z - an amulet of the acrobat
Wands
 d - a wand of mindburst (16)
 s - a wand of acid (12)
 N - a wand of polymorph (9)
 O - a wand of flame (31)
 P - a wand of digging (7)
Scrolls
 f - 6 scrolls of fog
 l - 2 scrolls of enchant armour
 n - a scroll of holy word
 p - a scroll of fear
 t - 3 scrolls of magic mapping
 w - 6 scrolls of teleportation
 x - 2 scrolls of silence
 G - 3 scrolls of enchant weapon
 T - a scroll of summoning
 X - a scroll of blinking
Potions
 a - 5 potions of ambrosia
 b - 5 potions of attraction
 c - 10 potions of curing
 g - 3 potions of berserk rage
 i - 3 potions of might
 j - 3 potions of resistance
 k - 2 potions of degeneration {unknown}
 o - 3 potions of haste
 r - 2 potions of mutation
 v - 5 potions of heal wounds
 C - 3 potions of brilliance
 H - 3 potions of lignification
 I - a potion of cancellation {unknown}
Miscellaneous
 U - a condenser vane
 V - a tin of tremorstones (2/2)


   Skills:
 + Level 17.6 Fighting
 + Level 3.7 Dodging
 - Level 1.5 Stealth
 - Level 4.0 Shields
 + Level 17.3 Spellcasting


You had 9 spell levels left.
You knew the following spells:

 Your Spells              Type           Power      Damage    Failure   Level
a - Bolt of Magma         Conj/Fire/Erth 46%        4d19      1%          5
b - Swiftness             Air            92%        N/A       0%          2
c - Static Discharge      Conj/Air       92%        N/A       0%          3
d - Shock                 Conj/Air       100%       1d9       0%          1
e - Lightning Bolt        Conj/Air       46%        1d66      1%          5
f - Sandblast             Erth           100%       2d20      0%          1
g - Passwall              Tmut/Erth      76%        N/A       0%          2
h - Poisonous Vapours     Pois/Air       100%       N/A       0%          2
i - Dazzling Flash        Conj/Hex       100%       N/A       0%          3
j - Airstrike             Air            46%        N/A       0%          4
k - Irradiate             Conj/Tmut      46%        3d29      1%          5
l - Death Channel         Necr           46%        N/A       1%          6
Your spell library was empty.

Dungeon Overview and Level Annotations

Branches:
Dungeon (12/15)            Temple (1/1) D:5            Lair (6/6) D:8
  Swamp (2/4) Lair:2       Spider (0/4) Lair:3        Slime (0/5) Lair:6
    Orc (2/2) D:11            Elf (0/3) Orc:2         Sewer (visited)

Altars:
Ashenzari
Cheibriados
Dithmenos
Elyvilon
Fedhas
Gozag
Hepliaklqana
Kikubaaqudgha
Makhleb
Nemelex Xobeh
Okawaru
Qazlal
Ru
Sif Muna
Trog
Uskayaw
Vehumet
Wu Jian
Xom
Yredelemnul
Zin
The Shining One

Shops:
D:4 (   D:8 *[=   D:11 :   Orc:2 ([*(

Annotations:
Lair:3 2 transporters, Cyda Jyj's ghost, journeyman DsGl
Swamp:1 3 runed translucent doors, Deodd's ghost, adept GrFi; Fuubb's ghost, adept OpMo; Grognak's ghost, journeyman MiFi


Innate Abilities, Weirdness & Mutations

You are immune to poison.
Your flesh is very heat resistant. (rF++)
You are vulnerable to cold. (rC-)
You float through the air rather than walking.
You learn spells naturally, not from books.
Your magical power is your life essence.
You have superior vitality. (+4 HP)


Message History

The ghoul claws you!!
* * * LOW HITPOINT WARNING * * *
You hear a shout!
A spriggan rider comes into view. It is wielding a +0 spear.
Casting: Bolt of Magma (safe; 1% risk of failure)
Confirm with . or Enter, or press ? or * to list all spells.
Aiming: Bolt of Magma (safe; 1% risk of failure)
Press: ? - help, Shift-Dir - straight line, f/p - ghoul
Aim: a ghoul (almost destroyed, 26% to evade)
The bolt of magma hits the ghoul!!
You destroy the ghoul!
Makhleb accepts your kill.
The bolt of magma hits the bog body!!!
The bog body partially resists.
The bog body is almost destroyed.
* * * LOW HITPOINT WARNING * * *
Unknown command.
Unknown command.
Casting: Bolt of Magma (safe; 1% risk of failure)
Confirm with . or Enter, or press ? or * to list all spells.
Aiming: Bolt of Magma (safe; 1% risk of failure)
Press: ? - help, Shift-Dir - straight line, f - spriggan rider
Aim: a spriggan rider, wielding a +0 spear (52% to evade)
The bolt of magma misses the spriggan rider.
* * * LOW HITPOINT WARNING * * *
The spriggan rider is engulfed in a cloud of scalding steam.
You block the spriggan rider's attack.
Unknown command.
Casting: Bolt of Magma (safe; 1% risk of failure)
Confirm with . or Enter, or press ? or * to list all spells.
Okay, then.
Casting: Bolt of Magma (safe; 1% risk of failure)
Confirm with . or Enter, or press ? or * to list all spells.
Aiming: Airstrike (safe; 0% risk of failure)
Press: ? - help, Dir - move target, f/p - spriggan rider
Aim: a spriggan rider, wielding a +0 spear (lightly wounded)
The air twists around and strikes the spriggan rider!
The spriggan rider is moderately wounded.
* * * LOW HITPOINT WARNING * * *
The spriggan rider hits you from afar with a +0 spear!!
You die...

......≈♣ ♣♣♣♣♣.♣.≈..[
...≈.. ♣♣♣≈..≈..≈....
≈...≈ ...≈≈≈≈≈≈.≈≈.♣ ♣≈$.
♣ ≈≈§≈≈≈≈≈≈.≈.≈♣ ♣≈.♣♣♣
.. ≈≈≈..≈..♣ ♣.≈♣
♣§.♣§♣...
........♣♣♣.≈♣♣♣♣i.≈§§...
...≈♣♣♣≈§♣♣♣.≈≈≈....≈≈...
.≈.♣♣♣♣≈..♣♣≈...@)n..≈≈≈≈
..♣♣♣>.<...≈.≈....♣♣..§≈≈
.:..♣≈.......≈♣♣≈≈§♣ .≈≈
..§≈≈♣≈≈...♣.≈♣♣...♣ .
≈≈≈≈≈.≈≈≈≈....♣♣♣♣♣♣
♣.≈≈≈≈§≈≈≈.♣♣♣♣
....≈≈≈≈≈§.♣ ...≈≈§≈...≈♣
.♣.≈≈≈≈....≈


You could see a spriggan rider and a bog body.

Vanquished Creatures
  An orc warlord (Orc:2)
  2 ghouls (Swamp:2)
  The ghost of ardl the Warrior, a journeyman OgHu of Okawaru (D:10)
  3 bunyips (Swamp:1)
  An eleionoma (Swamp:1)
  6 hydras
  4 catoblepae
  Erica (D:10)
  4 ogre magi (Orc:2)
  7 death yaks (Lair:6)
  13 two-headed ogres
  2 alligators
  A deep troll shaman (Lair:6)
  A tengu warrior (D:11)
  3 spriggans
  4 goliath frogs
  3 swamp dragons
  3 orc knights
  A spriggan druid (Swamp:1)
  2 lindwurms
  An orc sorcerer (Orc:1)
  2 elephants (Lair:6)
  2 cyclopes (D:12)
  2 torpor snails
  Joseph (D:9)
  Maurice (Orc:1)
  8 cane toads
  4 black mambas
  2 gargoyles
  An efreet (D:11)
  An unseen horror (D:11)
  8 komodo dragons
  A freezing wraith (D:10)
  2 kobold demonologists
  5 rime drakes
  2 polar bears (Lair:6)
  A bloated husk (Swamp:1)
  5 trolls
  5 slime creatures (D:12)
  4 tyrant leeches
  5 hornets
  Grinder (D:5)
  30 blink frogs
  2 wyverns
  7 wraiths
  34 yaks
  Eustachio (D:4)
  5 basilisks
  8 vampire mosquitoes
  10 wargs
  A steam dragon (D:8)
  An acid dragon (D:12)
  A swamp worm (Swamp:1)
  Edmund (D:4)
  15 water moccasins
  2 black bears
  2 sky beasts (D:6)
  20 orc warriors
  A necrophage (Swamp:2)
  35 ogres
  22 wolves
  3 centaurs
  A phantom (D:6)
  6 kobold brigands
  8 bullfrogs
  2 scorpions
  A wyvern skeleton (D:7)
  A water moccasin skeleton (D:6)
  4 killer bees (D:9)
  3 electric eels
  3 wights (D:8)
  6 howler monkeys
  2 centaur zombies
  10 orc priests
  A bullfrog skeleton (D:4)
  A centaur skeleton (D:7)
  4 hounds
  A jelly (D:4)
  4 iguanas
  27 orc wizards
  6 gnolls
  14 adders
  2 howler monkey skeletons
  2 river rats (D:3)
  A shadow imp (D:8)
  3 white imps
  An ufetubus (D:5)
  6 worms
  A dart slug (D:2)
  69 orcs
  13 ball pythons
  5 endoplasms
  2 giant cockroaches
  8 hobgoblins
  8 jackals
  3 quokkas
  2 bats
  3 frilled lizards
  10 goblins
  27 kobolds
  6 rats
  A butterfly (Lair:4)
606 creatures vanquished.

Vanquished Creatures (others)
  An orc (Orc:2)
  20 fungi
  53 plants
  4 toadstools (D:1)
78 creatures vanquished.

Grand Total: 684 creatures vanquished

Notes
Turn   | Place    | Note
-------+----------+-------------------------------------------
     0 | D:1      | lunkers the Djinni Air Elementalist began the quest for the
                  | Orb.
     0 | D:1      | Reached XP level 1. HP: 15/15 MP: 0/0
   508 | D:1      | Reached XP level 2. HP: 19/22 MP: 0/0
  1052 | D:2      | Reached skill level 1 in Fighting
  1176 | D:2      | Reached XP level 3. HP: 26/27 MP: 0/0
  1176 | D:2      | Learned a level 1 spell: Sandblast
  1256 | D:2      | Found an opulent altar of Gozag.
  1452 | D:2      | Reached XP level 4. HP: 23/33 MP: 0/0
  1864 | D:2      | Found a faded altar of an unknown god.
  2288 | D:3      | Reached XP level 5. HP: 36/39 MP: 0/0
  2288 | D:3      | Learned a level 2 spell: Passwall
  2350 | D:3      | Found a glowing drain.
  2451 | Sewer    | Entered a sewer
  4256 | D:3      | Reached XP level 6. HP: 43/45 MP: 0/0
  4360 | D:3      | Found a sacrificial altar of Ru.
  4647 | D:4      | Noticed Edmund
  4665 | D:4      | Killed Edmund
  4666 | D:4      | Reached skill level 5 in Spellcasting
  4969 | D:4      | Noticed a black bear
  4977 | D:4      | Killed a black bear
  4978 | D:4      | Reached XP level 7. HP: 38/51 MP: 0/0
  4978 | D:4      | Learned a level 2 spell: Poisonous Vapours
  5020 | D:4      | Identified the +4 spear "Agic" {drain, rF+ Dex+4}
  5565 | D:4      | Found a sparkling altar of Nemelex Xobeh.
  5779 | D:4      | Noticed Eustachio
  5789 | D:4      | Killed Eustachio
  6145 | D:4      | Found Doguop's Weapon Shop.
  6790 | D:5      | Entered Level 5 of the Dungeon
  6797 | D:5      | Reached XP level 8. HP: 50/58 MP: 0/0
  6851 | D:5      | Found a hide-covered altar of Uskayaw.
  6890 | D:5      | Found a staircase to the Ecumenical Temple.
  7238 | D:5      | Noticed Grinder
  7245 | D:5      | Paralysed by Grinder for 5 turns
  7251 | D:5      | Killed Grinder
  7252 | D:5      | Reached skill level 5 in Fighting
  7410 | Temple   | Entered the Ecumenical Temple
  8011 | Temple   | Became a worshipper of Makhleb the Destroyer
  9102 | D:6      | Reached XP level 9. HP: 54/66 MP: 0/0
  9102 | D:6      | Learned a level 3 spell: Dazzling Flash
 10015 | D:7      | Identified the +6 scimitar of Action {vorpal, +Rage rF+
                  | rCorr Dex-2}
 10275 | D:7      | Reached * piety under Makhleb
 10794 | D:8      | Found Paxaerur's Jewellery Emporium.
 10896 | D:8      | Found Daclalic's Serpentskin Sales.
 10939 | D:8      | Found Eziuq's Antique Armour Shoppe.
 10944 | D:8      | Bought a runed helmet for 217 gold pieces
 11008 | D:8      | Noticed a hornet
 11012 | D:8      | Killed a hornet
 11145 | D:8      | Found an ornate altar of the Wu Jian Council.
 11570 | D:8      | Reached XP level 10. HP: 46/76 MP: 0/0
 11574 | D:8      | Reached skill level 10 in Spellcasting
 11783 | D:8      | Found a staircase to the Lair.
 12323 | D:9      | Noticed a gargoyle
 12325 | D:9      | Killed a gargoyle
 12366 | D:9      | Reached ** piety under Makhleb
 12571 | D:9      | Noticed Joseph
 12575 | D:9      | Killed Joseph
 13537 | Lair:1   | Entered Level 1 of the Lair of Beasts
 13542 | Lair:1   | Noticed a cane toad
 13547 | Lair:1   | Noticed a cane toad
 13548 | Lair:1   | Killed a cane toad
 13554 | Lair:1   | Killed a cane toad
 13833 | Lair:1   | Reached XP level 11. HP: 65/84 MP: 0/0
 13833 | Lair:1   | Learned a level 5 spell: Bolt of Magma
 13834 | Lair:1   | Reached skill level 1 in Shields
 14799 | Lair:1   | Reached skill level 10 in Fighting
 15493 | Lair:2   | Reached *** piety under Makhleb
 15643 | Lair:2   | Noticed a catoblepas
 15661 | Lair:2   | Killed a catoblepas
 15738 | Lair:2   | Found a staircase to the Swamp.
 15792 | Lair:2   | Noticed a five-headed hydra
 15805 | Lair:2   | Killed a five-headed hydra
 15806 | Lair:2   | Reached XP level 12. HP: 57/92 MP: 0/0
 16155 | Lair:2   | Noticed a catoblepas
 16175 | Lair:2   | Killed a catoblepas
 16586 | Lair:2   | Identified the +0 plate armour of a wizard's laboratory
                  | {rF+++ rC- Int+3 Stlth+}
 17022 | Lair:3   | Found a transporter.
 17025 | Lair:3   | Noticed Cyda Jyj's ghost (journeyman DsGl)
 17025 | Lair:3   | Noticed an eight-headed hydra
 17025 | Lair:3   | Noticed a death yak
 17026 | Lair:3   | Found the +5 robe of Misfortune {Contam Harm *Corrode Drain
                  | *Slow EV+5}
 17272 | Lair:3   | Found a hole to the Spider Nest.
 17367 | Lair:3   | Noticed a catoblepas
 17384 | Lair:3   | Killed a catoblepas
 17511 | Lair:3   | Found a transporter.
 17848 | Lair:4   | Noticed a six-headed hydra
 17855 | Lair:4   | Killed a six-headed hydra
 18168 | Lair:4   | Noticed a six-headed hydra
 18173 | Lair:4   | Killed a six-headed hydra
 18579 | Lair:4   | Reached **** piety under Makhleb
 18595 | Lair:4   | Reached XP level 13. HP: 68/100 MP: 0/0
 18595 | Lair:4   | Learned a level 5 spell: Irradiate
 19081 | Lair:5   | Identified the +10 falchion of Nil Reif {drain, *Noise
                  | +Rage rPois rF+}
 20267 | Lair:6   | Entered Level 6 of the Lair of Beasts
 20782 | Lair:6   | Found a staircase to the Slime Pits.
 21174 | Lair:6   | Reached skill level 15 in Spellcasting
 21398 | Lair:6   | Reached ***** piety under Makhleb
 22225 | Lair:6   | Reached XP level 14. HP: 110/110 MP: 0/0
 22393 | Lair:6   | Identified a scroll of acquirement
 22393 | Lair:6   | Acquired a manual of Fighting
 22505 | D:10     | Entered Level 10 of the Dungeon
 22505 | D:10     | Noticed Erica
 22510 | D:10     | Killed Erica
 22789 | D:10     | Found a runed translucent gate.
 22794 | D:10     | Found a runed translucent gate.
 22795 | D:10     | Found a runed translucent gate.
 22796 | D:10     | Noticed ardl's ghost (journeyman OgHu)
 23521 | D:10     | Found a faded altar of an unknown god.
 23527 | D:10     | Found a hazy altar of Hepliaklqana.
 23529 | D:10     | Found a white marble altar of Elyvilon.
 23531 | D:10     | Found a bloodstained altar of Trog.
 23961 | D:11     | Found Holawuno's Book Emporium.
 24506 | D:11     | Found a staircase to the Orcish Mines.
 24758 | Orc:1    | Entered Level 1 of the Orcish Mines
 25339 | Orc:1    | Noticed Maurice
 25346 | Orc:1    | Killed Maurice
 25591 | Orc:2    | Entered Level 2 of the Orcish Mines
 25936 | Orc:2    | Noticed an orc warlord
 26337 | Orc:2    | Reached skill level 15 in Fighting
 26614 | Orc:2    | Reached ****** piety under Makhleb
 26884 | Orc:2    | Reached XP level 15. HP: 121/121 MP: 0/0
 26884 | Orc:2    | Learned a level 6 spell: Death Channel
 27040 | Orc:2    | HP: 4/121 [orc warlord/bolt (15)]
 27836 | Orc:2    | Found a staircase to the Elven Halls.
 28320 | Orc:2    | Killed an orc warlord
 28590 | Orc:2    | Found Goent's Weapon Boutique.
 28590 | Orc:2    | Found Vuhexuleaff's Assorted Antiques.
 28591 | Orc:2    | Found Kiacsug's Armour Shoppe.
 28591 | Orc:2    | Found Misoif's Weapon Shop.
 29648 | D:12     | Found a shadowy altar of Dithmenos.
 30247 | Swamp:1  | Entered Level 1 of the Swamp
 31691 | Swamp:1  | Found a runed translucent gate.
 31691 | Swamp:1  | Found a runed translucent gate.
 31692 | Swamp:1  | Found a runed translucent gate.
 31694 | Swamp:1  | Noticed Grognak's ghost (journeyman MiFi)
 31694 | Swamp:1  | Noticed Deodd's ghost (adept GrFi)
 31698 | Swamp:1  | Noticed Fuubb's ghost (adept OpMo)
 31961 | D:10     | Killed ardl's ghost
 32166 | D:8      | Bought the amulet of Puox {Reflect Dex+4 SH+5} for 454 gold
                  | pieces
 32535 | Swamp:2  | Noticed a ghoul
 32547 | Swamp:2  | Killed a ghoul
 32591 | Swamp:2  | Noticed a ghoul
 32599 | Swamp:2  | Killed a ghoul
 32601 | Swamp:2  | Mangled by a spriggan rider

Illustrated notes

Levels and vault maps discovered:
D:1:      ldierk_water_garden, layout_basic, minmay_misc_feat_four_crosses,
          minivault_26, kennysheep_nondescript, kennysheep_decorative_pillar,
          hangedman_decor_growths, chequers_serial_rivers_marsh
D:2:      layout_rooms, basic_altar, ebering_ecumenical_altar_rust,
          minmay_fractal_squares_gapless_5
D:3:      layout_basic, lemuel_tele_altar, lightli_sewer_entry_pipes,
          nrook_uturn
D:4:      layout_basic, nemelex_dance_club_becter, kennysheep_small_circle,
          uniq_eustachio, uniq_edmund
D:5:      layout_loops_cross, general_overflow_altar, minmay_temple_entry_mist,
          nicolae_ossuary_entry_false_entrances, uniq_grinder
D:6:      layout_rooms
D:7:      layout_basic, grunt_decor_resistance, minivault_22,
          minmay_unpleasant_kobolds
D:8:      layout_loops_ring, nicolae_wu_jian_wuxing_cycle,
          erik_lair_orcish_takeover, serial_shops, nicolae_shop_trees,
          minmay_shop_enchanted_jewellery, guppyfry_shop_venom
D:9:      layout_gridville, uniq_joseph
D:10:     layout_irregular_city, chequers_temple_overflow_minitemple,
          gammafunk_ghost_spectres, item_on_display_a, uniq_erica
D:11:     layout_long_grid, david_orc_4, serial_shops, shop
D:12:     layout_basic, serial_corexii_hall, corexii_hall_statues_i,
          chequers_hall_statues_wall_a, corexii_hall_statues_s,
          corexii_hall_statues_l, nicolae_dithmenos_shadow_blocks
Temple:   eino_temple_water
Lair:1:   layout_hall_layers, chequers_serial_rivers_marsh
Lair:2:   nzn_winding_woodlands_three_and_one
          [nzn_winding_woodlands_5x15_sawtooth,
          nzn_winding_woodlands_5x15_sidewinder,
          nzn_winding_woodlands_5x15_cabin,
          nzn_winding_woodlands_center_diamonds], layout_chaotic_city,
          swamp_mist, nicolae_quartered_pool_medium, bh_autumn_forest_stairs
Lair:3:   layout_chaotic_city, spider_nest_entry_a,
          gammafunk_ghost_berserking_beasts, minivault_24,
          dpeg_stationary_puzzle, infiniplex_staircase_pool_2
Lair:4:   layout_regular_city, grunt_megastairs_4, lemuel_fruit_fields
Lair:5:   layout_regular_city, grunt_megastairs_1
Lair:6:   grunt_lair_end_beastmaster, layout_hall_layers,
          dpeg_slime_entry_corner, grunt_forest_small_clearings,
          infiniplex_staircase_pool
Swamp:1:  layout_basic_swamp, gammafunk_ghost_cemetery,
          evilmike_swamp_ruin_house_3
Swamp:2:  layout_basic_swamp, gammafunk_ghost_split, hangedman_swamp_blocks
Orc:1:    layout_diamond_mine, uniq_maurice
Orc:2:    st_orc_ogre_mass, layout_caves

Skill      XL: |  1  2  3  4  5  6  7  8  9 10 11 12 13 14 15 |
---------------+----------------------------------------------+-----
Spellcasting   | 3 4 5 6 8 9 11 12 14 15 16 17 | 17.3
Fighting       | 1 2 3 4 6 7 9 10 11 13 16 17 | 17.6
Shields        | 4 |  4.0
Dodging        | 3 |  3.7
Stealth        | |  1.5

Action                   |  1- 3 |  4- 6 |  7- 9 | 10-12 | 13-15 || total
-------------------------+-------+-------+-------+-------+-------++-------
Melee: Unarmed           |       |     2 |       |       |       ||     2
       Spear             |       |       |    15 |     2 |     2 ||    19
 Cast: Shock             |    44 |   156 |     9 |       |       ||   209
       Static Discharge  |       |     4 |    12 |     2 |    16 ||    34
       Airstrike         |       |       |   136 |   276 |   609 ||  1021
       Lightning Bolt    |       |       |       |     9 |    48 ||    57
       Bolt of Magma     |       |       |       |       |    43 ||    43
       Irradiate         |       |       |       |       |     1 ||     1
Evoke: Wand              |       |     5 |       |       |     3 ||     8
       Condenser vane    |       |       |       |       |     1 ||     1
  Use: Scroll            |       |       |     6 |    20 |     6 ||    32
Armor: Robe              |     7 |     5 |     7 |    19 |    21 ||    59
Dodge: Dodged            |     8 |    24 |    31 |    19 |    76 ||   158
Block: Buckler           |       |       |     9 |    20 |    76 ||   105
       Reflection        |       |       |     2 |     1 |     9 ||    12
       Rpst.: Scimitar   |       |       |       |       |     1 ||     1

Table legend: (Time is in decaauts)
 A = Elapsed time spent in this place.
 B = Non-inter-level travel time spent in this place.
 C = Inter-level travel time spent in this place.
 D = Time resting spent in this place.
 E = Time spent auto-exploring this place.
 F = Levels seen in this place.
 G = Mean time per level.
                   A        B        C        D        E       F      G
               +--------+--------+--------+--------+--------+-----+--------+
         Total |  32634 |  31430 |   1204 |   3680 |  24619 |  24 | 1359.8 |
       Dungeon |  16785 |  16084 |    701 |   1508 |  13153 |  12 | 1398.8 |
        Temple |    620 |    556 |     64 |      0 |    555 |   1 |  620.0 |
          Lair |   9445 |   9140 |    305 |    831 |   7392 |   6 | 1574.2 |
         Swamp |   1107 |   1045 |     62 |     12 |    865 |   2 |  553.5 |
  Orcish Mines |   3945 |   3874 |     71 |   1329 |   2019 |   2 | 1972.5 |
         Sewer |    729 |    729 |      0 |      0 |    635 |   1 |  729.0 |
               +--------+--------+--------+--------+--------+-----+--------+

Top non-repeatable levels by time:
   Orc:1: 2612 daAuts
  Lair:2: 2308 daAuts
     D:4: 2208 daAuts
  Lair:6: 2142 daAuts
     D:8: 1966 daAuts
  Lair:1: 1669 daAuts
    D:10: 1583 daAuts
     D:3: 1511 daAuts
     D:9: 1434 daAuts
    D:12: 1417 daAuts
     D:7: 1400 daAuts
     D:2: 1392 daAuts
   Orc:2: 1332 daAuts
  Lair:5: 1297 daAuts
  Lair:4: 1166 daAuts
